cohdb
Replays
Latest Replays
All Replays
Popular Replays
Top Player Replays
Match Explorer
How It Works
Community
CoH3 Stats
Reddit
Sign in to upload your games and track your stats! →
Sign in with Steam
Match 43866261
Unlisted
Match 43866261
Overview
Messages
Build Orders
End
Construct Section Command Post
Royal Engineer Section
Infantry Section
Infantry Section
Infantry Section
Construct Platoon Command Post
Humber Armored Car
Construct Field Infirmary
Infantry Training
6-pounder Anti-tank Gun Team
Vickers Machine Gun Team
Construct Company Command Post
Selects Heavy Armor Battlegroup
Selects Light Vehicle Withdraw and Refit
Selects UNKNOWN (202330)
Crusader AA Medium Tank
Selects Designate Targets
Designate Targets
Crusader AA Medium Tank
Grenade Package
6-pounder Anti-tank Gun Team
6-pounder Anti-tank Gun Team
Designate Targets
Crusader AA Medium Tank
Selects Rigorous Vehicle Training
Selects Forward Repair Assembly
Designate Targets
Armored Vehicle Training
Designate Targets
Crusader AA Medium Tank
Designate Targets
Mike
ArmouredTopHat
Isildur
BlueSkidrow™
0
0
Comments
sign in to comment!
No comments posted yet!